 Dungeon Crawl Stone Soup version 0.25-a0-36-g303dd5b1f4 (webtiles) character file.

Game seed: 2684830551474409157, levelgen mode: deterministic

1413 Analysis the Archer (level 8, -5/70 HPs)
             Began as a Centaur Hunter on Oct 19, 2019.
             Was a Believer of Okawaru.
             Slain by a mummy (17 damage)
             ... in an ossuary on Oct 20, 2019.
             The game lasted 00:58:30 (8458 turns).

Analysis the Archer (Centaur Hunter)                Turns: 8458, Time: 00:58:31

Health: -5/70      AC:  9    Str: 18    XL:     8   Next: 43%
Magic:  11/11      EV:  9    Int: 10    God:    Okawaru [**....]
Gold:   307        SH:  0    Dex:  9    Spells: 7/7 levels left

rFire    . . .     SeeInvis .   b - +0 short sword
rCold    . . .     Gourm    .   (no shield)
rNeg     . . .     Faith    .   A - +3 leather armour
rPois    +         Spirit   .   j - +0 helmet
rElec    .         Reflect  .   u - +0 cloak
rCorr    .         Harm     .   (no gloves)
MR       .....                  (no barding)
Stlth    +.........             (no amulet)
HPRegen  0.21/turn              l - ring of poison resistance
MPRegen  0.12/turn              (no ring)

@: slowed
A: large, hooves 3, deformed body, speed 2, tough skin 3
a: Heroism, Renounce Religion


You were in an ossuary.
You worshipped Okawaru.
Okawaru was pleased with you.
You were hungry.

You visited 2 branches of the dungeon, and saw 7 of its levels.
You also visited: Sewer and Ossuary.

You collected 307 gold pieces.

Inventory:

Hand Weapons
 a - a +1 shortbow
 b - a +0 short sword (weapon)
Armour
 e - a cursed +0 ring mail
 j - a +0 helmet (worn)
 u - a +0 cloak (worn)
 w - a +2 chain mail of positive energy
 A - a +3 leather armour (worn)
Jewellery
 l - a ring of poison resistance (left hand)
 v - a +3 ring of strength {unknown}
Scrolls
 g - 2 scrolls of enchant weapon {unknown}
 h - 2 scrolls of remove curse {unknown}
 r - a scroll of noise {unknown}
 s - 6 scrolls of teleportation {unknown}
 t - 2 scrolls of fear {unknown}
 y - 2 scrolls of magic mapping {unknown}
 D - a scroll of random uselessness {unknown}
Potions
 c - a potion of lignification
 i - a potion of cancellation
 k - 5 potions of curing
 m - a potion of brilliance {unknown}
 o - 2 potions of magic
 p - 3 potions of haste
 q - 2 potions of agility
 x - 3 potions of degeneration {unknown}
 z - 5 potions of flight
 B - a potion of mutation {unknown}
 C - a potion of might {unknown}
 E - a potion of invisibility {unknown}
Comestibles
 f - 11 rations


   Skills:
 + Level 5.8 Fighting
 * Level 11.3 Bows
 - Level 1.3 Dodging
 - Level 0.4 Stealth
 + Level 4.2 Invocations


You had 7 spell levels left.
You didn't know any spells.
Your spell library was empty.

Dungeon Overview and Level Annotations

Branches:
Dungeon (6/15)             Temple (1/1) D:4           Sewer (visited)
Ossuary (1/1)

Altars:
Ashenzari
Cheibriados
Dithmenos
Elyvilon
Fedhas
Gozag
Kikubaaqudgha
Makhleb
Nemelex Xobeh
Okawaru
Qazlal
Ru
Sif Muna
Trog
Vehumet
Wu Jian
Xom
The Shining One

Shops:
D:4 *


Innate Abilities, Weirdness & Mutations

You have hooves in place of feet.
Armour fits poorly on your strangely shaped body.
You cover ground very quickly.
You have extremely tough skin. (AC +3)


Message History

You hit the bog mummy. You kick the bog mummy.
The bog mummy is almost destroyed.
The bog mummy gestures at you while chanting.
You resist with some effort.
You hit the bog mummy.
You destroy the bog mummy!
Okawaru accepts your kill.
You feel like a meek peon again.
You see here 3 arrows.
You hit the mummy.
The mummy is moderately damaged.
A mummy comes into view.
You barely miss the mummy.
The mummy is moderately damaged.
The mummy hits you!
* * * LOW HITPOINT WARNING * * *
You closely miss the mummy. Your kick misses the mummy.
The mummy is moderately damaged.
The mummy hits you!
You die...

## ≈≈ ##(
###((
#≈P≈(
##≈≈(#####
#≈.((#@..#
#((.MM∩.#
#..(#..∩#
###.#####
+. #. +.
#( +(


You could see 2 mummies.

Vanquished Creatures
  Menkaure (D:5)
  Edmund (D:4)
  2 ogres (D:4)
  A centaur (D:5)
  A wyvern zombie (Ossuary)
  A water moccasin zombie (D:5)
  A howler monkey (D:5)
  A crimson imp (D:5)
  2 hounds
  A centaur zombie (D:5)
  4 orc wizards
  An iguana (D:5)
  8 mummies (Ossuary)
  2 worker ants (D:4)
  A hound zombie (Ossuary)
  A worker ant zombie (Ossuary)
  A howler monkey zombie (Ossuary)
  8 adders
  2 river rats (D:4)
  A shadow imp (D:5)
  An ooze (D:4)
  An adder skeleton (D:6)
  6 worms
  3 dart slugs
  4 leopard geckos
  22 orcs
  10 bats
  4 giant cockroaches
  8 hobgoblins
  2 jackals (D:3)
  5 kobolds
  3 quokkas
  2 ball pythons
  9 frilled lizards
  3 goblins
  13 rats
137 creatures vanquished.

Vanquished Creatures (others)
  2 withered plants (Ossuary)
2 creatures vanquished.

Grand Total: 139 creatures vanquished

Notes
Turn   | Place    | Note
-------+----------+-------------------------------------------
     0 | D:1      | Analysis the Centaur Hunter began the quest for the Orb.
     0 | D:1      | Reached XP level 1. HP: 17/17 MP: 1/1
   295 | D:1      | Reached XP level 2. HP: 24/24 MP: 2/2
   643 | D:1      | Reached skill level 6 in Bows
  1227 | D:2      | Reached XP level 3. HP: 30/30 MP: 3/3
  2553 | D:3      | Reached XP level 4. HP: 36/37 MP: 4/4
  2802 | D:3      | Found a snail-covered altar of Cheibriados.
  2980 | D:3      | Reached skill level 7 in Bows
  3225 | D:3      | Found a bloodstained altar of Trog.
  3410 | D:3      | Reached XP level 5. HP: 41/45 MP: 5/5
  4105 | D:3      | Reached skill level 8 in Bows
  4416 | D:4      | Found Wiwkid's Assorted Antiques.
  4712 | D:4      | Found a glowing drain.
  4719 | Sewer    | Entered a sewer
  4803 | Sewer    | Noticed Purgy
  4907 | D:4      | Noticed an ogre
  5073 | D:4      | Killed an ogre
  5073 | D:4      | Reached XP level 6. HP: 52/52 MP: 6/6
  5316 | D:4      | Found a staircase to the Ecumenical Temple.
  5325 | Temple   | Entered the Ecumenical Temple
  5357 | Temple   | Became a worshipper of Warmaster Okawaru
  5520 | D:4      | Found an ornate altar of the Wu Jian Council.
  5574 | D:4      | Reached skill level 9 in Bows
  5574 | D:4      | Reached skill level 1 in Invocations
  6013 | D:4      | Upgraded the game from 0.25-a0-35-g747a2b3c0c to
                  | 0.25-a0-36-g303dd5b1f4
  6030 | D:5      | Entered Level 5 of the Dungeon
  6067 | D:5      | Noticed Menkaure
  6341 | D:5      | Noticed Edmund
  6373 | D:4      | Reached XP level 7. HP: 52/60 MP: 8/8
  6645 | D:5      | Noticed a hungry ghost
  7048 | D:4      | Killed Edmund
  7048 | D:4      | Reached * piety under Okawaru
  7380 | D:5      | Reached skill level 10 in Bows
  7391 | D:5      | Reached skill level 5 in Fighting
  7894 | D:5      | Killed Menkaure
  7894 | D:5      | Reached XP level 8. HP: 36/68 MP: 10/10
  8361 | D:6      | Found a sand-covered staircase.
  8366 | Ossuary  | Entered an ossuary
  8393 | Ossuary  | Reached skill level 11 in Bows
  8428 | Ossuary  | Reached ** piety under Okawaru
  8458 | Ossuary  | Slain by a mummy

Levels and vault maps discovered:
D:1:      tarquinn_simple_flora_water_d, layout_basic, serial_forest,
          infiniplex_forest_straight_4, infiniplex_forest_clump_small,
          infiniplex_forest_end_2, infiniplex_forest_zigzag_1,
          infiniplex_forest_lined_room_2, infiniplex_forest_clump_tiny,
          infiniplex_forest_clump_medium
D:2:      wander_river, layout_loops_ring
D:3:      layout_loops_corners, cheibriados_altar_1, first_ration, bloody_trog
D:4:      layout_basic, overflow_temple_1_default,
          minmay_temple_entry_mini_moons, lightli_sewer_entry_pipes,
          serial_shops, shop_fountains
D:5:      cheibrodos_iron_armory, layout_cave_pods, uniq_edmund, uniq_menkaure
D:6:      layout_basic, lemuel_zombie_altar_yredelemnul,
          lightli_ossuary_entry_decrepit_ruins
Temple:   regret_index_temple_sphere_string
Ossuary:  ossuary_zaba_flooded

Skill      XL: |  1  2  3  4  5  6  7  8 |
---------------+-------------------------+-----
Bows           | 6 7 8 9 10 11 | 11.3
Fighting       | 3 4 5 |  5.8
Invocations    | 1 3 4 |  4.2
Dodging        | |  1.3
Stealth        | |  0.4

Action                   |  1- 3 |  4- 6 |  7- 9 || total
-------------------------+-------+-------+-------++-------
Melee: Short sword       |   121 |    87 |    49 ||   257
       Kick              |    31 |    17 |    15 ||    63
       Punch             |       |       |     1 ||     1
 Fire: Shortbow          |    19 |   189 |   185 ||   393
Invok: Heroism           |       |       |     2 ||     2
  Use: Scroll            |       |     1 |     7 ||     8
       Potion            |       |       |     2 ||     2
  Eat: Chunk             |     4 |    10 |     4 ||    18
Armor: Leather armour    |    40 |    58 |    22 ||   120
Dodge: Dodged            |    63 |    71 |    25 ||   159

Table legend:
 A = Non-vault XP
 B = Vault XP
 C = Vault XP percentage of total XP
 D = Non-vault monster count
 E = Vault monster count
 F = Vault count percentage of total count
                 A         B        C        D         E       F
            +---------+---------+-------+---------+---------+-------
      Total |    1226 |     793 |  39.3 |     110 |      27 |  19.7
            +---------+---------+-------+---------+---------+-------
        D:1 |      47 |       0 |   0.0 |      22 |       0 |   0.0
        D:2 |      42 |       0 |   0.0 |      16 |       0 |   0.0
        D:3 |     176 |      13 |   6.9 |      34 |       1 |   2.9
        D:4 |     397 |     203 |  33.8 |      17 |       9 |  34.6
        D:5 |     473 |     172 |  26.7 |      16 |       1 |   5.9
        D:6 |      91 |       0 |   0.0 |       5 |       0 |   0.0
      Sewer |       0 |       4 | 100.0 |       0 |       4 | 100.0
    Ossuary |       0 |     401 | 100.0 |       0 |      12 | 100.0
            +---------+---------+-------+---------+---------+-------
